 Dungeon Crawl Stone Soup version 0.24.0-37-gcf1ca852f1 (webtiles) character file.

Game seed: 12135475833491178034, levelgen mode: deterministic

134314 Esekla the Eclecticist (level 16, 0/112 HPs)
             Began as a Demonspawn Wanderer on Nov 20, 2019.
             Was an Initiate of Gozag.
             Killed from afar by Roxanne (45 damage)
             ... with an iron shot
             ... on level 3 of the Shoals on Nov 21, 2019.
             The game lasted 07:53:24 (32952 turns).

Esekla the Eclecticist (Demonspawn Wanderer)       Turns: 32952, Time: 07:53:26

Health: 0/112      AC: 24    Str: 18    XL:     16   Next: 61%
Magic:  33/35      EV: 20    Int: 23    God:    Gozag
Gold:   4271       SH:  8    Dex: 18    Spells: 1/45 levels left

rFire    . . .     SeeInvis +   f - +9 scimitar (flame)
rCold    . . .     Gourm    .   q - +3 buckler {reflect}
rNeg     + . .     Faith    .   M - +2 robe of Vines {NoPotionHeal Regen+7}
rPois    .         Spirit   .   v - +2 hat {Int+3}
rElec    .         Reflect  +   g - +0 cloak
rCorr    .         Harm     .   L - +2 pair of gloves
MR       +....                  (boots unavailable)
Stlth    ++........             N - amulet of regeneration
HPRegen  4.48/turn              K - ring of see invisible
MPRegen  0.24/turn              J - +2 ring of protection

@: mighty, agile, icy armour, regenerating, very slow
A: hooves 3, slimy green scales 2, blurry vision 1, negative energy resistance
1, powered by pain 3, spiny 2, evolution 1
a: Potion Petition, Call Merchant, Bribe Branch, Renounce Religion


You were on level 3 of the Shoals.
You worshipped Gozag.
Gozag was most pleased with you.
You were not hungry.

You visited 5 branches of the dungeon, and saw 27 of its levels.
You also visited: Ice Cave.

You collected 8187 gold pieces.
You spent 3243 gold pieces at shops.
You paid 673 gold pieces to Gozag.

Inventory:

Hand Weapons
 f - a +9 scimitar of flaming (weapon)
 j - the +3 long sword of Ebrieph {freeze, rC++}
   (You found it in an ice cave)

   It has been specially enchanted to freeze those struck by it, causing extra
   injury to most foes and up to half again as much damage against particularly
   susceptible opponents.
   It can also slow down cold-blooded creatures.
   It greatly protects you from cold.
 t - a +1 vampiric spear
 Q - a cursed +4 long sword
 U - a +1 falchion of protection
Missiles
 e - 120 poisoned darts
 n - 55 boomerangs (quivered)
Armour
 g - a +0 cloak (worn)
 m - a +2 robe of magic resistance
 q - a +3 buckler of reflection (worn)
 s - the +1 ice dragon scales of Zocsuq {rF- rC++ Int+3 Dex-4 SInv}
   (You found it in an ice cave)

   It affects your intelligence (+3).
   It affects your dexterity (-4).
   It makes you vulnerable to fire.
   It greatly protects you from cold.
   It lets you see invisible.
 v - a +2 hat of intelligence (worn)
 L - a +2 pair of gloves (worn)
 M - the +2 robe of Vines (worn) {NoPotionHeal Regen+7}
   (You bought it in a shop on level 1 of the Depths)

   It increases your rate of regeneration.
Jewellery
 a - an uncursed ring of protection from magic
 k - an uncursed ring of protection from fire
 H - an uncursed amulet of guardian spirit
 J - a +2 ring of protection (right hand)
 K - a ring of see invisible (left hand)
 N - an amulet of regeneration (around neck)
 R - the ring of Lyodd {Ice +Inv rElec}
   (You found it on level 12 of the Dungeon)

   [ring of ice]

   It enhances your ice magic.
   It makes you vulnerable to fire.
   It protects you from cold.
   It insulates you from electricity.
   It lets you turn invisible.
 T - an uncursed ring of protection from cold
Wands
 b - a wand of digging (7)
 A - a wand of polymorph (12)
 D - a wand of flame (35)
 F - a wand of iceblast (6)
 I - a wand of acid (11)
 O - a wand of paralysis (5)
 W - a wand of scattershot (1)
 Y - a wand of disintegration (27)
Scrolls
 h - 7 scrolls of teleportation
 p - 2 scrolls of blinking
 y - 6 scrolls of identify
 z - 5 scrolls of remove curse
 B - a scroll of silence
 C - 4 scrolls of magic mapping
 E - a scroll of vulnerability
 P - 6 scrolls of fear
 V - 2 scrolls of enchant armour
 X - 4 scrolls of enchant weapon
Potions
 c - 6 potions of lignification
 d - 2 potions of agility
 i - 2 potions of haste
 o - 9 potions of curing
 r - a potion of invisibility
 u - 5 potions of cancellation
 w - 5 potions of might
 x - 7 potions of flight
 G - a potion of resistance
 S - a potion of brilliance
 Z - 2 potions of berserk rage
Comestibles
 l - 9 rations


   Skills:
 + Level 6.3 Fighting
   Level 1.2(7.3) Short Blades
 * Level 11.3 Long Blades
 + Level 1.5(1.7) Polearms
   Level 1.0(1.4) Staves
 + Level 2.1 Armour
 + Level 5.4 Dodging
 + Level 4.4 Stealth
 * Level 2.4 Shields
 * Level 15.0 Spellcasting
 * Level 6.1 Conjurations
 + Level 3.6 Hexes
 * Level 7.4 Charms
 + Level 5.6 Necromancy
 + Level 3.3 Translocations
 + Level 3.3 Fire Magic
 * Level 7.8 Ice Magic
 + Level 8.7 Air Magic
 + Level 9.3 Poison Magic


You had one spell level left.
You knew the following spells:

 Your Spells              Type           Power        Failure   Level  Hunger
a - Ozocubu's Armour      Chrm/Ice       ######..     1%          3    None
b - Blink                 Tloc           N/A          1%          2    None
c - Mephitic Cloud        Conj/Pois/Air  ######..     1%          3    None
d - Vampiric Draining     Necr           #####.....   1%          3    None
e - Freezing Cloud        Conj/Ice/Air   ######....   28%         6    #####..
f - Conjure Flame         Conj/Fire      #####...     1%          3    None
g - Shroud of Golubria    Chrm/Tloc      #####.       1%          2    None
p - Apportation           Tloc           ####..       1%          1    None
r - Regeneration          Chrm/Necr      #####.....   1%          3    None
s - Song of Slaying       Chrm           ######..     1%          2    None
t - Airstrike             Air            ######....   1%          4    None
v - Poisonous Vapours     Pois/Air       ######       1%          2    None
w - Spectral Weapon       Hex/Chrm       #####...     1%          3    None
x - Olgreb's Toxic Radia  Pois           ######..     1%          4    None
z - Dazzling Spray        Conj/Hex       #####.       1%          3    None

Your spell library contained the following spells:

 Spells                   Type           Power        Failure   Level  Hunger
 Animate Skeleton         Necr           N/A          1%          1    None
 Confusing Touch          Hex            ####..       1%          1    None
 Corona                   Hex            ####...      1%          1    None
 Freeze                   Ice            ####         1%          1    None
 Infusion                 Chrm           ####         1%          1    None
 Magic Dart               Conj           ####         1%          1    None
 Shock                    Conj/Air       ####         1%          1    None
 Sting                    Conj/Pois      ####         1%          1    None
 Summon Butterflies       Summ           ###.....     4%          1    None
 Summon Small Mammal      Summ           ###.         4%          1    None
 Ensorcelled Hibernation  Hex/Ice        #####.       1%          2    None
 Slow                     Hex            ####....     1%          2    None
 Swiftness                Chrm/Air       ######..     1%          2    None
 Throw Frost              Conj/Ice       #####.       1%          2    None
 Static Discharge         Conj/Air       ######..     1%          3    None
 Confuse                  Hex            ####....     2%          3    None
 Tukima's Dance           Hex            ####....     2%          3    None
 Throw Icicle             Conj/Ice       #####...     2%          4    None
 Gell's Gravitas          Tloc           ####......   3%          3    None
 Lesser Beckoning         Tloc           ####......   3%          3    None
 Animate Dead             Necr           N/A          4%          4    None
 Venom Bolt               Conj/Pois      ######....   4%          5    ##.....
 Lightning Bolt           Conj/Air       ######....   5%          5    ##.....
 Call Imp                 Summ           ###.....     6%          2    None
 Recall                   Summ/Tloc      N/A          6%          3    None
 Cause Fear               Hex            ####......   9%          4    None
 Summon Ice Beast         Ice/Summ       #####...     9%          4    None
 Silence                  Hex/Air        #####.....   9%          5    ##.....
 Metabolic Englaciation   Hex/Ice        #####.....   11%         5    ##.....
 Alistair's Intoxication  Tmut/Pois      #####...     17%         5    ##.....
 Deflect Missiles         Chrm/Air       ######....   22%         6    #####..
 Borgnjor's Vile Clutch   Necr/Erth      ####......   34%         5    ##.....
 Simulacrum               Ice/Necr       #####.....   36%         6    #####..
 Petrify                  Tmut/Erth      ###.....     38%         4    None
 Yara's Violent Unravell  Hex/Tmut       ####......   47%         5    ##.....
 Death Channel            Necr           #####.....   52%         6    #####..
 Invisibility             Hex            ####....     80%         6    #####..
 Ring of Flames           Chrm/Fire      #####.....   98%         7    ######.
 Discord                  Hex            ####......   100%        8    #######


Dungeon Overview and Level Annotations

Branches:
Dungeon (15/15)            Temple (0/1) D:7            Lair (6/6) D:9
 Shoals (3/4) Lair:4       Spider (0/4) Lair:2        Slime (0/5) Lair:6
    Orc (2/2) D:12            Elf (0/3) Orc:2        Vaults (0/5) D:14
 Depths (1/5) D:15          IceCv (visited)

Altars:
Dithmenos
Gozag
Hepliaklqana
Beogh
Jiyva

Shops:
D:9 :   Orc:2 *[[:   Shoals:1 [   Depths:1 [(

Portals:
Hell: Depths:1
Abyss: Depths:1

Annotations:
Lair:6 exclusion: 2 oklob plants
Shoals:3 Roxanne


Innate Abilities, Weirdness & Mutations

You have hooves in place of feet.
You are mostly covered in slimy green scales. (AC +3)
You resist negative energy. (rN+)
You are powered by pain.
You are mostly covered in sharp spines.
Scrolls take you a little longer to read.
You evolve.


Message History

Roxanne is severely damaged.
The snapping turtle bites you from afar!
* * * LOW HITPOINT WARNING * * *
You focus on the pain.
You feel agile all of a sudden.
Casting: Ozocubu's Armour (safe; 1% risk of failure)
Confirm with . or Enter, or press ? or * to list all spells.
Your skin crawls.
Roxanne mutters, "When I said I wanted to live forever... this was not what I had in mind."
The snapping turtle completely misses you.
Your unstable footing causes you to fumble your attack.
You block the snapping turtle's attack.
Your unstable footing causes you to fumble your attack.
You hit Roxanne but do no damage. You kick Roxanne!
Roxanne is severely damaged.
The snapping turtle barely misses you.
Roxanne mumbles some strange words.
The iron shot hits you!!!
You die...
Your body crumbles into a pile of gold.

....≈≈≈≈≈≈≈≈≈PPP≈P≈≈≈≈≈.....
###.≈≈≈≈≈≈≈PPPP≈PPP≈≈≈≈≈≈..≈
##..≈≈≈≈≈≈≈≈≈PPP≈≈≈≈≈≈≈≈≈≈≈≈
...≈PP≈≈≈≈.≈≈PPPPPP≈≈P≈≈≈≈≈≈
...P.≈≈≈.....≈≈≈PPP≈≈≈≈≈≈≈≈≈
...PPPP≈......≈≈P≈≈≈≈..^..≈≈
..PP≈P≈.......≈≈≈≈≈P......≈≈
...≈≈P≈.......≈≈≈≈/.$...##≈≈
...≈≈≈≈..$....(8@≈t%....##.≈
.≈≈≈≈≈.......≈≈≈≈≈≈...)...≈≈
.≈≈≈≈≈.......≈≈P≈≈≈≈...≈.≈≈≈
≈≈≈≈≈≈≈≈....≈≈P≈≈≈≈≈≈≈≈≈≈≈≈.
≈≈≈≈≈≈≈≈≈P≈≈≈≈PP≈≈≈≈≈≈≈!≈≈≈.
≈≈≈≈≈≈≈≈≈≈≈≈≈≈≈≈P≈≈P≈≈≈≈P≈≈≈
≈≈≈≈≈≈≈≈≈≈≈≈≈≈≈≈≈≈≈≈≈≈≈≈≈≈≈≈
≈≈≈≈≈≈≈P≈≈≈≈≈≈≈≈≈≈≈≈P≈≈....≈
≈≈≈≈≈≈≈≈≈≈≈≈≈≈≈≈≈≈≈≈≈≈≈.##.≈


You could see Roxanne and a snapping turtle.

Vanquished Creatures
  Jorgrun (D:12)
  Gastronok (D:8)
  Kirke (D:15)
  Agnes (D:15)
  A fire giant (Depths:1)
  A very ugly thing (D:13)
  A stone giant (Depths:1)
  A merfolk javelineer (Shoals:2)
  Snorg (D:12)
  Josephine (D:13)
  2 merfolk impalers (Shoals:2)
  2 ogre magi
  An ettin (Depths:1)
  4 vault guards (D:14)
  Harold (D:8)
  11 hydras
  A catoblepas (Lair:6)
  Erica (D:8)
  4 centaur warriors
  A satyr (Shoals:2)
  13 two-headed ogres
  2 deep troll shamans
  11 death yaks
  2 deep troll earth magi (Depths:1)
  A tengu warrior (D:15)
  3 orc high priests (Orc:2)
  3 deep trolls (Depths:1)
  3 hell knights (Depths:1)
  6 sea snakes
  An unseen horror (D:12)
  4 orc knights
  Pikel (D:7)
  6 harpies (Shoals:2)
  7 orc sorcerers
  6 deep elf magi
  11 fauns
  18 ugly things
  3 manticores
  3 cyclopes
  4 elephants
  6 black mambas
  A water nymph (Shoals:2)
  5 merfolk sirens
  A naga mage (D:15)
  3 ice statues (IceCv)
  4 spiny frogs
  Psyche (D:8)
  A yaktaur (shapeshifter) (Depths:1)
  7 komodo dragons
  A komodo dragon (shapeshifter) (D:14)
  A freezing wraith (D:14)
  A rime drake (Lair:4)
  4 polar bears
  12 merfolk
  8 trolls
  4 tengu conjurers
  A hornet (Lair:2)
  3 wind drakes
  7 hippogriffs
  15 blink frogs
  15 slime creatures
  3 meliai zombies
  8 dream sheep
  The ghost of TrebMcFLY the Insei, an amateur OpTm (D:5)
  A snapping turtle (Shoals:3)
  A redback (Lair:2)
  5 wraiths (D:13)
  3 shadows
  3 wyverns
  33 yaks
  3 vampires
  6 hogs (D:15)
  3 water elementals
  A basilisk (D:15)
  A hungry ghost (D:10)
  10 vampire mosquitoes
  3 wargs
  A soldier ant (D:12)
  11 water moccasins
  28 orc warriors
  9 porcupines
  7 ice beasts
  4 slaves
  6 sky beasts
  3 black bears
  An eye of draining (D:14)
  A necrophage (D:11)
  14 ogres
  4 wolves (Lair:6)
  2 phantoms
  22 centaurs
  16 crocodiles
  5 big kobolds
  20 bullfrogs
  4 gnoll sergeants
  A wyvern skeleton (D:7)
  4 killer bees (D:10)
  9 wights
  4 howler monkeys
  9 crimson imps
  2 centaur zombies
  6 hounds
  A bullfrog zombie (D:8)
  A centaur skeleton (D:11)
  5 jellies
  14 orc priests
  30 orc wizards
  6 bullfrog skeletons
  3 iguanas
  Natasha (thrice) (D:4)
  5 worker ants
  A hound zombie (D:6)
  A hound skeleton (D:5)
  27 gnolls
  A howler monkey skeleton (D:7)
  13 adders
  7 shadow imps
  2 oozes
  6 worms
  2 dart slugs
  5 leopard geckos
  106 orcs
  2 ball pythons
  9 bats
  5 giant cockroaches
  10 goblins
  5 hobgoblins
  A jackal (D:6)
  5 quokkas
  6 frilled lizards
  17 kobolds
  2 quokka skeletons
  6 rats
832 creatures vanquished.

Vanquished Creatures (others)
  A harpy (Shoals:2)
  A cyclops (Shoals:2)
  9 fungi
  11 plants
22 creatures vanquished.

Grand Total: 854 creatures vanquished

Notes
Turn   | Place    | Note
-------+----------+-------------------------------------------
     0 | D:1      | Esekla the Demonspawn Wanderer began the quest for the Orb.
     0 | D:1      | Esekla set off with the following items: a +0 dagger, a
                  | potion of lignification, a +0 robe, a ration; and the
                  | following spells available to memorise: Sting, Poisonous
                  | Vapours, Animate Skeleton, Mephitic Cloud, Olgreb's Toxic
                  | Radiance, Vampiric Draining, Venom Bolt
     0 | D:1      | Reached XP level 1. HP: 15/15 MP: 3/3
   162 | D:1      | Learned a level 1 spell: Sting
   355 | D:1      | You fall into a shaft and drop 1 floor!
   444 | D:2      | Gained mutation: You are partially covered in sharp spines.
                  | [demonic ancestry]
   444 | D:2      | Reached XP level 2. HP: 19/21 MP: 2/5
   448 | D:2      | Learned a level 2 spell: Poisonous Vapours
  1161 | D:1      | Gained mutation: You are partially covered in slimy green
                  | scales. (AC +2) [demonic ancestry]
  1161 | D:1      | Reached XP level 3. HP: 26/26 MP: 1/7
  1566 | D:2      | Noticed a bullfrog
  1572 | D:2      | Killed a bullfrog
  1572 | D:2      | Reached skill level 1 in Short Blades
  1572 | D:2      | Reached skill level 3 in Spellcasting
  1572 | D:2      | Reached skill level 1 in Air Magic
  1572 | D:2      | Gained mutation: You have large cloven feet. [demonic
                  | ancestry]
  1572 | D:2      | Reached XP level 4. HP: 24/32 MP: 1/8
  1726 | D:2      | Gained mutation: You have hoof-like feet. [demonic
                  | ancestry]
  1726 | D:2      | Reached XP level 5. HP: 37/37 MP: 1/10
  2342 | D:3      | Learned a level 3 spell: Mephitic Cloud
  2519 | D:3      | Reached skill level 4 in Spellcasting
  2903 | D:4      | Noticed a phantom
  3102 | D:4      | Reached skill level 1 in Conjurations
  3102 | D:4      | Gained mutation: You have hooves in place of feet. [demonic
                  | ancestry]
  3102 | D:4      | Reached XP level 6. HP: 43/43 MP: 3/12
  3750 | D:4      | Noticed Natasha
  3755 | D:4      | Killed Natasha
  3874 | D:4      | Noticed Natasha
  3879 | D:4      | Killed Natasha
  3880 | D:4      | Noticed Natasha
  3886 | D:4      | Killed Natasha
  3886 | D:4      | Gained mutation: You sometimes gain a little power by
                  | taking damage. [demonic ancestry]
  3886 | D:4      | Reached XP level 7. HP: 30/48 MP: 7/14
  4006 | D:4      | Reached skill level 5 in Spellcasting
  4361 | D:4      | Found an opulent altar of Gozag.
  4456 | D:5      | Entered Level 5 of the Dungeon
  4456 | D:5      | Found a runed translucent gate.
  4456 | D:5      | Found a runed translucent gate.
  4456 | D:5      | Found a runed translucent gate.
  4505 | D:5      | Found an opulent altar of Gozag.
  4505 | D:5      | Noticed TrebMcFLY's ghost (amateur OpTm)
  4749 | D:5      | Reached skill level 1 in Long Blades
  4752 | D:5      | Gained mutation: You sometimes gain power by taking damage.
                  | [demonic ancestry]
  4752 | D:5      | Reached XP level 8. HP: 19/54 MP: 1/16
  5075 | D:6      | Reached skill level 6 in Spellcasting
  5704 | D:7      | Noticed Pikel
  6574 | D:7      | Reached skill level 7 in Spellcasting
  6574 | D:7      | Reached skill level 5 in Poison Magic
  6703 | D:7      | Killed Pikel
  6703 | D:7      | Reached XP level 9. HP: 61/61 MP: 6/20
  6922 | D:7      | Found a staircase to the Ecumenical Temple.
  7310 | D:8      | Found a shadowy altar of Dithmenos.
  7403 | D:8      | Noticed Harold
  7436 | D:8      | Killed Harold
  7436 | D:8      | Reached skill level 8 in Spellcasting
  7647 | D:8      | Reached XP level 10. HP: 53/68 MP: 15/22
  7775 | D:8      | Noticed Psyche
  7785 | D:8      | Killed Psyche
  7785 | D:8      | Reached skill level 5 in Conjurations
  7785 | D:8      | Reached skill level 5 in Air Magic
  7976 | D:8      | Noticed Erica
  7990 | D:8      | Killed Erica
  8104 | D:8      | Noticed Gastronok
  8174 | D:8      | Found a hazy altar of Hepliaklqana.
  8347 | D:7      | Learned a level 4 spell: Olgreb's Toxic Radiance
  8351 | D:7      | Learned a level 3 spell: Ozocubu's Armour
  8355 | D:7      | Learned a level 3 spell: Vampiric Draining
  8774 | D:9      | Reached skill level 9 in Spellcasting
  8854 | D:9      | Learned a level 3 spell: Regeneration
  8857 | D:9      | Learned a level 2 spell: Song of Slaying
  8860 | D:9      | Learned a level 2 spell: Shroud of Golubria
  8883 | D:9      | Learned a level 3 spell: Spectral Weapon
  8909 | D:9      | Reached skill level 1 in Necromancy
  8925 | D:9      | Reached skill level 5 in Long Blades
  8933 | D:9      | Noticed a two-headed ogre
  9271 | D:8      | Killed a two-headed ogre
  9271 | D:8      | Reached skill level 1 in Ice Magic
  9363 | D:9      | Reached skill level 1 in Charms
  9425 | D:9      | Found a staircase to the Lair.
  9493 | D:9      | Found Myojik's Book Shop.
  9605 | D:9      | Bought a book of Minor Magic for 280 gold pieces
  9608 | D:9      | Learned a level 2 spell: Blink
  9613 | D:9      | Learned a level 3 spell: Conjure Flame
  9765 | D:9      | Reached skill level 1 in Translocations
  9808 | D:10     | Entered Level 10 of the Dungeon
 10022 | D:10     | Reached skill level 1 in Fire Magic
 10564 | D:10     | Reached XP level 11. HP: 63/75 MP: 20/24
 10910 | D:4      | Became a worshipper of Gozag Ym Sagoz the Greedy
 10970 | D:5      | Killed TrebMcFLY's ghost
 11095 | Lair:1   | Entered Level 1 of the Lair of Beasts
 11380 | Lair:1   | Noticed a seven-headed hydra
 11390 | Lair:1   | Killed a six-headed hydra
 11819 | Lair:1   | Reached skill level 10 in Spellcasting
 12249 | D:11     | Noticed a purple ugly thing
 12257 | D:11     | Killed a purple ugly thing
 12308 | D:11     | Noticed a two-headed ogre
 12707 | D:11     | Noticed a two-headed ogre
 12720 | D:11     | Killed a two-headed ogre
 12927 | D:11     | Killed a two-headed ogre
 13179 | D:11     | Gained mutation: You are mostly covered in sharp spines.
                  | [demonic ancestry]
 13179 | D:11     | Reached XP level 12. HP: 82/82 MP: 19/26
 13775 | D:12     | Got an ancient pewter ring
 13788 | D:12     | Identified the ring of Lyodd {Ice +Inv rElec} (You found it
                  | on level 12 of the Dungeon)
 13845 | D:12     | Learned a level 3 spell: Spectral Weapon
 13988 | D:12     | Noticed Snorg
 13997 | D:12     | Killed Snorg
 13997 | D:12     | Reached skill level 1 in Polearms
 14695 | D:12     | Noticed Jorgrun
 14749 | D:12     | Found a staircase to the Orcish Mines.
 14771 | D:12     | Reached skill level 11 in Spellcasting
 14913 | Orc:1    | Entered Level 1 of the Orcish Mines
 15569 | Orc:2    | Entered Level 2 of the Orcish Mines
 15970 | Orc:2    | Noticed an orc high priest
 15972 | Orc:2    | Noticed an orc high priest
 16133 | Orc:2    | Found a staircase to the Elven Halls.
 16801 | Orc:2    | Killed an orc high priest
 16967 | Orc:1    | Gained mutation: You are powered by pain. [demonic
                  | ancestry]
 16967 | Orc:1    | Reached XP level 13. HP: 42/88 MP: 18/28
 17307 | Orc:2    | Found Qigry's Book Shop.
 17307 | Orc:2    | Found Reduneg's Armour Emporium.
 17309 | Orc:2    | Found Gibuce's Antique Armour Shop.
 17309 | Orc:2    | Found Latiacry's Assorted Antiques.
 17326 | Orc:2    | Bought a book of Cantrips for 300 gold pieces
 17328 | Orc:2    | Learned a level 1 spell: Apportation
 17331 | Orc:2    | Bought a scroll of enchant weapon for 195 gold pieces
 17331 | Orc:2    | Bought a potion of heal wounds for 130 gold pieces
 17340 | Orc:2    | Bought a book of Maledictions for 375 gold pieces
 17342 | Orc:2    | Learned a level 1 spell: Corona
 17439 | Orc:1    | Paralysed by an orc sorcerer for 5 turns
 17607 | Orc:1    | Found a roughly hewn altar of Beogh.
 18197 | Lair:2   | Gained mutation: You are robust. (+10% HP) [potion of
                  | mutation]
 18197 | Lair:2   | Gained mutation: You have an increased reservoir of magic.
                  | (+10% MP) [potion of mutation]
 18274 | Lair:2   | Found a hole to the Spider Nest.
 18747 | Lair:3   | Reached skill level 12 in Spellcasting
 19908 | Lair:4   | Reached skill level 5 in Necromancy
 19922 | Lair:4   | Found a staircase to the Shoals.
 19936 | Lair:4   | Reached skill level 1 in Hexes
 21164 | Lair:5   | Got a transparent leather armour
 21187 | Lair:4   | Identified the cursed +1 leather armour "Wiloryuw" {rC+}
                  | (You found it on level 5 of the Lair of Beasts)
 21423 | Lair:6   | Entered Level 6 of the Lair of Beasts
 21695 | Lair:6   | Gained mutation: You resist negative energy. (rN+) [demonic
                  | ancestry]
 21695 | Lair:6   | Reached XP level 14. HP: 90/105 MP: 29/33
 21852 | Lair:6   | Reached skill level 5 in Charms
 22102 | Lair:6   | Found a staircase to the Slime Pits.
 22103 | Lair:6   | Found a viscous altar of Jiyva.
 22205 | Lair:5   | Reached skill level 5 in Ice Magic
 22732 | Lair:6   | Learned a level 6 spell: Deflect Missiles
 22850 | Lair:6   | Reached skill level 13 in Spellcasting
 23428 | Lair:6   | Reached skill level 5 in Fighting
 23925 | D:12     | Killed Jorgrun
 24163 | D:8      | Killed Gastronok
 24354 | D:13     | Reached skill level 1 in Armour
 24385 | D:13     | Found a frozen archway.
 24458 | IceCv    | Entered an ice cave
 24792 | IceCv    | Reached skill level 10 in Long Blades
 24814 | IceCv    | Got a smoking long sword
 24846 | IceCv    | Identified the +3 long sword of Ebrieph {freeze, rC++} (You
                  | found it in an ice cave)
 24884 | IceCv    | Got faintly humming ice dragon scales
 24895 | IceCv    | Identified the +1 ice dragon scales of Zocsuq {rF- rC++
                  | Int+3 Dex-4 SInv} (You found it in an ice cave)
 24984 | D:13     | Found a transporter.
 25338 | D:13     | Noticed Josephine
 25351 | D:13     | Killed Josephine
 25608 | D:13     | Reached XP level 15. HP: 113/113 MP: 35/35
 25679 | D:13     | Found a transporter.
 26409 | D:15     | Entered Level 15 of the Dungeon
 26825 | D:13     | Identified the cursed +0 pair of gloves of Greater Demons
                  | {*Drain Str+6 SInv Stlth+} (You found it on level 13 of the
                  | Dungeon)
 26825 | D:13     | Gained mutation: You are dopey. (Int -2) [mutagenic glow]
 26855 | D:13     | Gained mutation: You are very dopey. (Int -4) [mutagenic
                  | glow]
 26887 | D:13     | Gained mutation: Your body sometimes deteriorates upon
                  | taking damage. [mutagenic glow]
 27133 | D:13     | Lost mutation: You are robust. (+10% HP) [potion of
                  | mutation]
 27133 | D:13     | Lost mutation: You are very dopey. (Int -4) [potion of
                  | mutation]
 27133 | D:13     | Lost mutation: You have an increased reservoir of magic.
                  | (+10% MP) [potion of mutation]
 27133 | D:13     | Gained mutation: You occasionally shout uncontrollably at
                  | your foes. [potion of mutation]
 27133 | D:13     | Gained mutation: You are agile. (Dex +2) [potion of
                  | mutation]
 27135 | D:13     | Upgraded the game from 0.24.0-35-gdb84b6a5db to
                  | 0.24.0-37-gcf1ca852f1
 27585 | D:14     | Found a gate to the Vaults.
 27676 | D:14     | Found a shadowy altar of Dithmenos.
 27990 | D:15     | Reached skill level 14 in Spellcasting
 28001 | D:15     | Noticed Kirke
 28027 | D:15     | Killed Kirke
 28027 | D:15     | Reached skill level 5 in Dodging
 28120 | D:15     | Got a faintly humming leather armour
 28131 | D:14     | Identified the +3 leather armour of Brilliance {+Fly} (You
                  | found it on level 15 of the Dungeon)
 28208 | D:15     | Noticed Agnes
 28220 | D:15     | Killed Agnes
 29119 | D:15     | Found a staircase to the Depths.
 29131 | Depths:1 | Entered Level 1 of the Depths
 29131 | Depths:1 | Found Niun's Weapon Emporium.
 29201 | Depths:1 | Found a gateway to Hell.
 29355 | Depths:1 | Noticed a fire giant
 29598 | Depths:1 | Found a one-way gate to the infinite horrors of the Abyss.
 29645 | Depths:1 | Killed a fire giant
 29645 | Depths:1 | Reached XP level 16. HP: 67/111 MP: 17/34
 29763 | Depths:1 | Bought a +1 buckler of reflection for 283 gold pieces
 29763 | Depths:1 | Bought the +2 robe of Vines {NoPotionHeal Regen+7} for 1680
                  | gold pieces
 29763 | Depths:1 | Found the +2 robe of Vines {NoPotionHeal Regen+7}
 30015 | Depths:1 | Noticed a lich
 30342 | Shoals:1 | Entered Level 1 of the Shoals
 30453 | Shoals:1 | Found Obusotz's Antique Armour Shop.
 30792 | Shoals:1 | Lost mutation: Your body sometimes deteriorates upon taking
                  | damage. [potion of mutation]
 30792 | Shoals:1 | Lost mutation: You are dopey. (Int -2) [potion of mutation]
 30792 | Shoals:1 | Lost mutation: You occasionally shout uncontrollably at
                  | your foes. [potion of mutation]
 30792 | Shoals:1 | Lost mutation: You are agile. (Dex +2) [potion of mutation]
 30792 | Shoals:1 | Gained mutation: Scrolls take you a little longer to read.
                  | [potion of mutation]
 30792 | Shoals:1 | Gained mutation: You are mostly covered in slimy green
                  | scales. (AC +3) [potion of mutation]
 30792 | Shoals:1 | Gained mutation: You evolve. [potion of mutation]
 31489 | D:13     | Learned a level 3 spell: Dazzling Spray
 31496 | D:13     | Learned a level 4 spell: Airstrike
 31503 | D:13     | Learned a level 6 spell: Freezing Cloud
 32073 | Shoals:2 | Noticed a kraken
 32486 | Shoals:2 | Reached skill level 15 in Spellcasting
 32915 | Shoals:3 | Identified Roxanne's Catalogue of the Mountains
 32915 | Shoals:3 | Noticed Roxanne
 32952 | Shoals:3 | Killed from afar by Roxanne

Levels and vault maps discovered:
D:1:      lightli_arrival_noodles, layout_loops_ring
D:2:      layout_basic, minmay_tree_intersection
D:3:      layout_basic
D:4:      layout_cave_pools, nicolae_gozag_seed_capital, uniq_natasha
D:5:      layout_cave_pools, first_ration, ebering_ghost_gozag
D:6:      layout_basic, kennysheep_generic_room_2
D:7:      layout_cave_pools, minmay_temple_entry_arrows, uniq_pikel
D:8:      layout_basic, kennysheep_little_box, basic_altar, uniq_harold,
          uniq_psyche, uniq_erica, uniq_gastronok
D:9:      layout_irregular_city, grunt_lair_entry_orc_guard_hut, serial_shops,
          nicolae_shop_crystal
D:10:     layout_roguey
D:11:     layout_basic
D:12:     layout_rooms, kennysheep_orc_monster_closet_entryway, uniq_snorg,
          uniq_jorgrun
D:13:     gammafunk_cloud_chamber, layout_cave_pools,
          portal_ice_cave_entry_pillars_1, uniq_josephine
D:14:     layout_basic, lightli_vaults_fourway_checkpoint, grunt_dithmenos_smoke
D:15:     grunt_enter_depths_magical_seal, layout_long_grid, uniq_kirke,
          uniq_agnes
Lair:1:   layout_loops_ring
Lair:2:   layout_roguey, spider_nest_entry_a
Lair:3:   layout_regular_city, st_stairs_11
Lair:4:   layout_cave_pods, minmay_shoals_entry_centaurs, beast_lair_carwin_7,
          serial_bayou_shore_a
Lair:5:   layout_hall_layers, grunt_megastairs_3
Lair:6:   grunt_lair_end_beastmaster, layout_cave_pods, slime_altar_1,
          columned_hall_lemuel, chequers_serial_rivers_micro_b,
          minmay_lair_oklob_chamber, infiniplex_staircase_pool_2
Shoals:1: layout_shoals, serial_shops, nicolae_shop_window_shopping,
          nicolae_shoals_water_elemental_grotto
Shoals:2: layout_shoals
Shoals:3: layout_shoals, uniq_roxanne, uniq_polyphemus
Orc:1:    nicolae_orc_accident_3, layout_caves, basic_altar
Orc:2:    grunt_orc_tribal_feast, layout_caves
Depths:1: layout_cave_shapes, serial_shops, shop, hell_entry,
          abyss_entry_small_statue_room, nrook_mini_vaults, hex_large,
          kennysheep_donut, minmay_liquid_box, minmay_swirly_circle

Skill      XL: |  1  2  3  4  5  6  7  8  9 10 11 12 13 14 15 16 |
---------------+-------------------------------------------------+-----
Short Blades   | 1 |  1.2
Spellcasting   | 3 4 5 7 8 9 10 11 12 13 14 15 | 15.0
Air Magic      | 1 2 3 4 5 6 7 8 |  8.7
Conjurations   | 1 2 4 5 6 |  6.1
Poison Magic   | 4 5 6 7 8 9 |  9.3
Long Blades    | 1 3 4 5 6 7 8 10 11 | 11.3
Stealth        | 2 3 4 |  4.4
Dodging        | 2 3 4 5 |  5.4
Fighting       | 2 3 4 5 6 |  6.3
Necromancy     | 1 3 4 5 |  5.6
Ice Magic      | 1 2 4 6 7 |  7.8
Charms         | 1 2 4 5 6 7 |  7.4
Translocations | 1 2 3 |  3.3
Fire Magic     | 1 3 |  3.3
Polearms       | 1 |  1.5
Hexes          | 2 3 |  3.6
Armour         | 1 2 |  2.1
Shields        | 2 |  2.4
Staves         | |  1.0

Action                   |  1- 3 |  4- 6 |  7- 9 | 10-12 | 13-15 | 16-18 || total
-------------------------+-------+-------+-------+-------+-------+-------++-------
Melee: Dagger            |    51 |    74 |       |       |     1 |       ||   126
       Kick              |       |    23 |    28 |    98 |   226 |    55 ||   430
       Falchion          |       |     7 |    67 |    23 |       |       ||    97
       Scimitar          |       |       |    50 |   337 |   650 |   172 ||  1209
       Trident           |       |       |       |   142 |    84 |    25 ||   251
       Spear             |       |       |       |       |       |     6 ||     6
Throw: Boomerang         |       |     2 |    19 |    59 |    59 |    39 ||   178
       Dart              |       |       |     9 |     3 |    19 |     1 ||    32
 Cast: Sting             |     6 |       |       |       |       |       ||     6
       Poisonous Vapours |    17 |    72 |   131 |   243 |   270 |    94 ||   827
       Mephitic Cloud    |       |       |     1 |    23 |    17 |     3 ||    44
       Regeneration      |       |       |       |    30 |    67 |    11 ||   108
       Blink             |       |       |       |    18 |    12 |     2 ||    32
       Olgreb's Toxic Ra |       |       |       |     5 |     1 |       ||     6
       Conjure Flame     |       |       |       |    34 |    38 |     6 ||    78
       Ozocubu's Armour  |       |       |       |    27 |    94 |    17 ||   138
       Vampiric Draining |       |       |       |     2 |       |       ||     2
       Shroud of Golubri |       |       |       |     1 |     1 |     4 ||     6
       Apportation       |       |       |       |       |     6 |     2 ||     8
       Deflect Missiles  |       |       |       |       |     7 |       ||     7
       Song of Slaying   |       |       |       |       |     2 |     2 ||     4
       Freezing Cloud    |       |       |       |       |       |     1 ||     1
Invok: Call Merchant     |       |       |       |       |       |     1 ||     1
Evoke: Wand              |       |       |       |       |     1 |     1 ||     2
  Use: Scroll            |       |     3 |     4 |    21 |    16 |     7 ||    51
       Potion            |       |       |     2 |     2 |     9 |     2 ||    15
 Stab: Sleeping          |     4 |     1 |       |       |     8 |       ||    13
       Confused          |       |       |     1 |     7 |     4 |     1 ||    13
       Distracted        |       |       |       |     6 |     5 |     1 ||    12
  Eat: Chunk             |     3 |    11 |     8 |     5 |       |       ||    27
       Ration            |       |       |     1 |     9 |    14 |     4 ||    28
Armor: Robe              |     4 |    22 |    34 |   128 |   146 |    68 ||   402
       Skin              |       |       |    15 |       |       |       ||    15
       Leather armour    |       |       |       |       |   155 |     5 ||   160
Dodge: Dodged            |    31 |    34 |    70 |   275 |   554 |   169 ||  1133
       Deflected         |       |       |       |     5 |    30 |     3 ||    38
Block: Buckler           |       |       |       |       |       |    97 ||    97
       Reflection        |       |       |       |       |       |    14 ||    14
       Rpst.: Falchion   |       |     1 |     9 |     7 |       |       ||    17
       Scimitar          |       |       |     9 |    54 |   119 |    27 ||   209
